 Dungeon Crawl Stone Soup version 0.17.0-28-g6e173f8 (webtiles) character file.

340 Raultor the Changer (level 6, -9/45 HPs)
             Began as an Octopode Transmuter on Nov 22, 2015.
             Mangled by BLOAX's ghost (16 damage)
             ... on level 5 of the Dungeon.
             The game lasted 00:12:29 (4720 turns).

Raultor the Changer (Octopode Transmuter)           Turns: 4720, Time: 00:12:29

Health: -9/45      AC:  5    Str: 12    XL:     6   Next: 56%
Magic:  6/9        EV: 10    Int: 15    God:
Gold:   232        SH:  0    Dex: 16    Spells: 3 memorised, 1 level left

rFire  x . .     SeeInvis .       - Unarmed
rCold  + + +     Clarity  .     (shield currently unavailable)
rNeg   . . .     SustAt   +     (helmet currently unavailable)
rPois  +         Gourm    .     (no amulet)
rElec  .         Spirit   .     m - ring of sustain attributes
rCorr  .         Warding  .     s - +4 ring of dexterity
rMut   .         Stasis   .     (no ring)
MR     .....                    (no ring)
Stlth  +.........               (no ring)
                                (no ring)
                                (no ring)
                                (no ring)

@: ice-form, not resistant to hostile enchantments, very unstealthy
A: almost no armour, amphibious, 8 rings, (constrict 8), (camouflage 0),
(gelatinous body 0)
a: End Transformation


You were on level 5 of the Dungeon.
You were not hungry.
You were a creature of crystalline ice.
You visited 2 branches of the dungeon, and saw 8 of its levels.

You collected 232 gold pieces.

Inventory:

Missiles
 a - 12 arrows
 i - 4 steel javelins (quivered)
Jewellery
 m - a ring of sustain attributes (left front paw)
 s - a +4 ring of dexterity (right front paw)
Scrolls
 h - a scroll of magic mapping {unknown}
 j - 2 scrolls of enchant weapon {unknown}
 l - a scroll of identify {unknown}
 o - a scroll of teleportation {unknown}
 q - 2 scrolls of amnesia {unknown}
 r - 2 scrolls of fog {unknown}
 t - a scroll of remove curse
Potions
 e - a potion of magic
 n - a potion of curing {unknown}
Books
 b - a book of Changes

   Spells                             Type                      Level
   a - Beastly Appendage              Transmutation                1
   b - Sticks to Snakes               Transmutation                2
   c - Spider Form                    Transmutation/Poison         3
   d - Ice Form                       Ice/Transmutation            4
   e - Blade Hands                    Transmutation                5
Comestibles
 c - 2 bread rations
 d - a beef jerky
 p - 2 fruits


   Skills:
 - Level 1.0 Fighting
 - Level 2.0 Dodging
 - Level 3.0 Unarmed Combat
 - Level 2.0 Spellcasting
 + Level 6.0 Transmutations
 * Level 2.8 Ice Magic


You had one spell level left.
You knew the following spells:

 Your Spells              Type           Power        Failure   Level  Hunger
a - Beastly Appendage     Trmt           ###...       1%          1    #......
b - Spider Form           Trmt/Pois      ##........   21%         3    ###....
c - Ice Form              Ice/Trmt       ##......     41%         4    #####..


Dungeon Overview and Level Annotations

Branches:
Dungeon (7/15)             Temple (1/1) D:4

Altars:
Ashenzari
Cheibriados
Dithmenos
Fedhas
Gozag
Kikubaaqudgha
Nemelex Xobeh
Okawaru
Qazlal
Ru
Sif Muna
Trog
Zin
The Shining One

Annotations:
D:2 Sigmund
D:3 exclusion: sky beast
D:5 BLOAX's ghost, novice VSBe


Innate Abilities, Weirdness & Mutations

You cannot wear most types of armour.
You are amphibious.
You can wear up to eight rings at the same time.
((You can use your tentacles to constrict eight enemies at once.))
((Your skin changes colour to match your surroundings (Stealth).))
((Your rubbery body absorbs attacks (AC +1).))


Message History

BLOAX's ghost is moderately damaged.
BLOAX's ghost hits you!
You punch BLOAX's ghost! You freeze BLOAX's ghost.
BLOAX's ghost is heavily damaged.
BLOAX's ghost barely misses you.
You hit BLOAX's ghost. You freeze BLOAX's ghost.
BLOAX's ghost is severely damaged.
BLOAX's ghost hits you.
You hit BLOAX's ghost. You freeze BLOAX's ghost.
BLOAX's ghost is almost destroyed.
BLOAX's ghost hits you!
* * * LOW HITPOINT WARNING * * *
You barely miss BLOAX's ghost.
BLOAX's ghost is almost destroyed.
BLOAX's ghost hits you!
* * * LOW HITPOINT WARNING * * *
You hit BLOAX's ghost but do no damage.
BLOAX's ghost is almost destroyed.
BLOAX's ghost hits you!
You die...

.........................
!........................
.........................
#........#+##############
#........#.........#
+........#.........#
#........+.........#
#........###'####.######+
#####...Y.......#.##.#...
#...W.......#....#...
#...........#....'...
#...........#....#...
#...........######..<
#..................))
##+#########.........
#......... #.........


You could see BLOAX's ghost.

Vanquished Creatures
  A big kobold (D:6)
  A hound (D:4)
  A crimson imp (D:5)
  2 iguanas (D:4)
  A centaur skeleton (D:4)
  2 worker ants (D:4)
  2 adders (D:3)
  An ooze (D:2)
  An adder skeleton (D:4)
  A worm (D:2)
  3 giant geckos
  11 orcs
  A ball python (D:3)
  4 giant cockroaches
  4 hobgoblins
  6 kobolds
  3 quokkas (D:4)
  3 bats
  3 giant newts
  6 goblins
  4 rats
61 creatures vanquished.

Vanquished Creatures (others)
  A hobgoblin (D:3)
  A quokka (D:3)
2 creatures vanquished.

Grand Total: 63 creatures vanquished

Notes
Turn   | Place    | Note
--------------------------------------------------------------
     0 | D:1      | Raultor the Octopode Transmuter began the quest for the Orb.
     0 | D:1      | Reached XP level 1. HP: 13/13 MP: 3/3
   284 | D:1      | Reached XP level 2. HP: 13/18 MP: 5/5
   948 | D:2      | Noticed Sigmund
  1075 | D:2      | Reached XP level 3. HP: 5/23 MP: 6/6
  1326 | D:1      | Learned a level 3 spell: Spider Form
  1498 | D:3      | Found a snail-covered altar of Cheibriados.
  1606 | D:3      | Reached skill level 4 in Transmutations
  1833 | D:3      | Reached XP level 4. HP: 17/28 MP: 5/7
  1856 | D:3      | Found a stormy altar of Qazlal.
  1946 | D:3      | Noticed a sky beast
  2531 | D:4      | Found a shadowy altar of Dithmenos.
  2641 | D:4      | Reached skill level 5 in Transmutations
  2641 | D:4      | Reached XP level 5. HP: 29/33 MP: 1/8
  2647 | D:4      | Learned a level 4 spell: Ice Form
  2828 | D:4      | Found a staircase to the Ecumenical Temple.
  2837 | D:4      | Noticed a phantom
  2842 | Temple   | Entered the Ecumenical Temple
  3242 | D:4      | Reached skill level 1 in Ice Magic
  3787 | D:4      | Reached XP level 6. HP: 26/38 MP: 6/9
  3877 | D:5      | Entered Level 5 of the Dungeon
  4040 | D:5      | Noticed BLOAX's ghost (novice VSBe)
  4347 | D:6      | Reached skill level 6 in Transmutations
  4720 | D:5      | Mangled by BLOAX's ghost

Action                   |  1- 3 |  4- 6 || total
-------------------------+-------+-------++-------
Melee: Unarmed           |    75 |   109 ||   184
       Spear             |    10 |     8 ||    18
 Cast: Beastly Appendage |     2 |       ||     2
       Spider Form       |     1 |    10 ||    11
       Ice Form          |       |     1 ||     1
  Use: Scroll            |       |     1 ||     1
       Potion            |       |     5 ||     5
 Stab: Sleeping          |     5 |     1 ||     6
  Eat: Chunk             |     3 |     9 ||    12
       Bread ration      |       |     1 ||     1
